 Dungeon Crawl Stone Soup version 0.18-a0-1778-gadce9fa (webtiles) character file.

620 epen the Slasher (level 7, 0/52 HPs)
             Began as a Demonspawn Gladiator on Apr 16, 2016.
             Succumbed to a scorpion's poison
             ... on level 4 of the Dungeon.
             The game lasted 00:08:33 (4964 turns).

epen the Slasher (Demonspawn Gladiator)             Turns: 4964, Time: 00:08:34

Health: 0/52       AC:  9    Str: 16 (18) XL:     7   Next: 22%
Magic:  7/7        EV: 20    Int: 13 (14) God:
Gold:   273        SH:  0    Dex: 17 (18) Spells: 0 memorised, 6 levels left

rFire  . . .     SeeInvis .     a - +0 long sword
rCold  . . .     Gourm    .     o - +0 scale mail
rNeg   . . .     Faith    .     (no shield)
rPois  .         Spirit   +     c - +0 helmet
rElec  .         Dismiss  .     t - +0 cloak
rCorr  .         Reflect  .     (no gloves)
SustAt .         Harm     .     l - +0 pair of boots
MR     .....                    h - amulet of rage
Stlth  +.........               (no ring)
                                (no ring)

@: brilliant, agile, lethally poisoned (0 -> -2), not resistant to hostile
enchantments, very unstealthy
A: claws 1, repulsion field 2, magic shield, rot immunity
a: Evoke Berserk Rage


You were on level 4 of the Dungeon.
You were not hungry.

You visited 1 branch of the dungeon, and saw 4 of its levels.

You collected 273 gold pieces.

Inventory:

Hand Weapons
 a - a +0 long sword (weapon)
Missiles
 d - 3 throwing nets (quivered)
Armour
 b - a +0 leather armour
 c - a +0 helmet (worn)
 l - a +0 pair of boots (worn)
 o - a +0 scale mail (worn)
 t - a +0 cloak (worn)
Jewellery
 h - an amulet of rage (around neck)
Wands
 s - a wand of enslavement (16/24)
 w - a wand of iceblast (8/15)
Scrolls
 i - 2 scrolls of remove curse {unknown}
 j - a scroll of fear {unknown}
 m - a scroll of identify
 q - a scroll of amnesia
 v - a scroll of noise {unknown}
 x - a scroll of random uselessness {unknown}
Potions
 e - a potion of degeneration
Comestibles
 f - 4 bread rations
 g - a beef jerky
 n - a royal jelly
 u - 4 fruits


   Skills:
 + Level 3.0 Fighting
 * Level 5.4 Long Blades
 - Level 1.7 Throwing
 + Level 1.1 Armour
 * Level 5.3 Dodging


You had 6 spell levels left.
You didn't know any spells.

Dungeon Overview and Level Annotations

Branches:
Dungeon (4/15)
 Temple: D:4-7

Altars:
Nemelex Xobeh
Qazlal
Trog

Annotations:
D:4 Grinder


Innate Abilities, Weirdness & Mutations

You have sharp fingernails.
You are surrounded by a moderate repulsion field (EV +3).
When hurt, damage is shared between your health and your magic reserves.
You are immune to rotting.


Message History

You feel sick.
You start resting.
* * * LOW HITPOINT WARNING * * *
You feel sick.
You start resting.
You feel less woody.
Your +0 cloak unmelds from your body.
Your +0 helmet unmelds from your body.
Your +0 pair of boots unmelds from your body.
Your +0 scale mail unmelds from your body.
There is a lethal amount of poison in your body!
There is a lethal amount of poison in your body!
There is a lethal amount of poison in your body!
Drink which item? (? for menu, Esc to quit)
Okay, then.
Read which item? (? for menu, Esc to quit)
As you read the scroll labeled UBBOUKLICO, it crumbles to dust.
It is a scroll of identify.
Identify which item? (\ to view known items) (? for menu, Esc to quit)
q - a scroll of amnesia You die...

#........# #........#
#........#
#........########
#........'.......
##........#######.
#................o
#..............##.
######@###......###.###
#........#..##..###'##.
#...............#......
#[.......####...#......
#.....>._'...<.........
#........##............
#........##.....#.#....
######....#.......#'###
####.#..#+###.....


There were no monsters in sight!

Vanquished Creatures
  A phantom (D:4)
  A giant frog (D:3)
  3 scorpions
  3 hounds
  An orc priest (D:4)
  A worker ant (D:4)
  6 adders
  A river rat (D:3)
  A shadow imp (D:4)
  An ooze (D:1)
  4 worms (D:3)
  4 dart slugs
  7 giant geckos (D:3)
  4 orcs
  7 bats
  6 giant cockroaches
  5 goblins
  3 hobgoblins
  2 jackals (D:3)
  10 kobolds
  2 quokkas (D:3)
  A ball python (D:3)
  5 giant newts
  A jackal skeleton (D:4)
  7 rats
87 creatures vanquished.

Notes
Turn   | Place    | Note
--------------------------------------------------------------
     0 | D:1      | epen the Demonspawn Gladiator began the quest for the Orb.
     0 | D:1      | Reached XP level 1. HP: 16/16 MP: 1/1
   485 | D:1      | Gained mutation: You are immune to rotting. [demonic ancestry]
   485 | D:1      | Reached XP level 2. HP: 18/22 MP: 2/2
   959 | D:1      | Gained mutation: When hurt, damage is shared between your health and your magic reserves. [demonic ancestry]
   959 | D:1      | Reached XP level 3. HP: 19/27 MP: 3/3
  1342 | D:2      | Found a sparkling altar of Nemelex Xobeh.
  2088 | D:3      | Gained mutation: You are surrounded by a mild repulsion field (EV +2). [demonic ancestry]
  2088 | D:3      | Reached XP level 4. HP: 32/33 MP: 4/4
  2229 | D:3      | Noticed a moth of wrath
  2231 | D:3      | Found a bloodstained altar of Trog.
  2811 | D:3      | Reached XP level 5. HP: 24/38 MP: 2/5
  3634 | D:4      | Gained mutation: You are surrounded by a moderate repulsion field (EV +3). [demonic ancestry]
  3634 | D:4      | Reached XP level 6. HP: 35/44 MP: 6/6
  3727 | D:4      | Noticed Grinder
  3906 | D:4      | Reached skill level 5 in Long Blades
  4313 | D:4      | Reached skill level 5 in Dodging
  4768 | D:4      | Found a stormy altar of Qazlal.
  4833 | D:4      | Reached skill level 1 in Armour
  4833 | D:4      | Gained mutation: You have sharp fingernails. [demonic ancestry]
  4833 | D:4      | Reached XP level 7. HP: 30/51 MP: 7/7
  4954 | D:4      | HP: 3/78 [poisoned by a scorpion]
  4961 | D:4      | HP: 2/78 [poisoned by a scorpion]
  4964 | D:4      | Succumbed to a scorpion's poison

Vault maps used:
D:1:      lemuel_arrival_lava_pool
D:2:      overflow_temple_1_default, first_bread
D:3:      gup_sewer_entry_bubbles, tgw_trog
D:4:      overflow_temple_1_default, dk_noncrumbling_3, uniq_grinder

Skill      XL: |  1  2  3  4  5  6  7 |
---------------+----------------------+-----
Long Blades    | 3 4 5 |  5.4
Dodging        | 3 4 5 |  5.3
Armour         | 1 |  1.1
Fighting       | 3 |  3.0
Throwing       | |  1.7

Action                   |  1- 3 |  4- 6 |  7- 9 || total
-------------------------+-------+-------+-------++-------
Melee: Long sword        |   146 |   242 |    15 ||   403
  Use: Potion            |       |     3 |     4 ||     7
       Scroll            |       |       |     1 ||     1
 Stab: Sleeping          |     1 |       |       ||     1
  Eat: Chunk             |     2 |     9 |     1 ||    12
       Pizza             |       |     1 |       ||     1
Armor: Leather armour    |    49 |       |       ||    49
       Scale mail        |    10 |    85 |     2 ||    97
Dodge: Dodged            |   109 |   199 |    11 ||   319
